[ AOE2 MATCH · #460348679 ]
UnrankedSicilians vs Franks
[ REPLAY ANALYSIS · EXTRACTED FROM THE RECORDED GAME ]
Feudal
—
Castle
—
Imperial
—
| APM avg | 10.5 |
| APM peak | 35 |
| eAPM avg | 8.0 |
| Villagers / military | 49 / 186 |
Focus
⚔️ 46.0% · 🌾 54.0%
Serjeant ×177 · Mangonel ×8 · Trebuchet (Packed) ×1
Feudal
—
Castle
—
Imperial
—
| APM avg | 21.7 |
| APM peak | 54 |
| eAPM avg | 12.6 |
| Villagers / military | 171 / 210 |
Focus
⚔️ 23.9% · 🌾 76.1%
Knight ×140 · Skirmisher ×65 · Trade Cart ×25 · Spearman ×3 · Militia ×2
Feudal
11:05
Castle
28:13
Imperial
41:38
| APM avg | 24.2 |
| APM peak | 64 |
| eAPM avg | 10.3 |
| Villagers / military | 66 / 166 |
Focus
⚔️ 32.3% · 🌾 67.7%
Cavalry Archer ×103 · Spearman ×25 · Archer ×18 · Militia ×12 · Trade Cart ×9 · Trebuchet (Packed) ×7
Feudal
15:23
Castle
23:02
Imperial
40:09
| APM avg | 14.4 |
| APM peak | 61 |
| eAPM avg | 13.1 |
| Villagers / military | 159 / 156 |
Focus
⚔️ 30.0% · 🌾 70.0%
Conquistador ×79 · Spearman ×62 · Trade Cart ×19 · Trebuchet (Packed) ×14 · Monk ×1
Feudal
12:03
Castle
30:36
Imperial
44:50
| APM avg | 14.4 |
| APM peak | 45 |
| eAPM avg | 8.4 |
| Villagers / military | 63 / 145 |
Focus
⚔️ 39.0% · 🌾 61.0%
Ballista Elephant ×85 · Militia ×30 · Spearman ×21 · Trade Cart ×13 · Knight ×9
Feudal
9:23
Castle
25:24
Imperial
41:30
| APM avg | 25.9 |
| APM peak | 74 |
| eAPM avg | 21.8 |
| Villagers / military | 209 / 218 |
Focus
⚔️ 23.0% · 🌾 77.0%
War Elephant ×218 · Trade Cart ×38
Feudal
15:59
Castle
27:24
Imperial
41:33
| APM avg | 18.7 |
| APM peak | 76 |
| eAPM avg | 12.4 |
| Villagers / military | 94 / 229 |
Focus
⚔️ 49.1% · 🌾 50.9%
Skirmisher ×158 · Teutonic Knight ×44 · Bombard Cannon ×25 · Monk ×2
Feudal
11:30
Castle
16:09
Imperial
36:23
| APM avg | 16.4 |
| APM peak | 81 |
| eAPM avg | 12.2 |
| Villagers / military | 138 / 227 |
Focus
⚔️ 26.6% · 🌾 73.4%
Archer ×160 · Spearman ×25 · Longbowman ×20 · Trade Cart ×19 · Militia ×15 · Trebuchet (Packed) ×5
Match map
Initial resources + every placement click. Lines = walls · curves = elevation contours. ◆ gold · ⬟ stone · ● berries · ✦ relic · ◌ wall gap
Inputs per minute
— trauk25 - - Benja000076638
Build order — trauk25
First 150 of 311 actions detected
| 0:07 | Build | House |
| 0:10 | Build | House |
| 0:18 | Build | House |
| 0:35 | Create | Villager (Male) |
| 0:35 | Create | Villager (Male) |
| 0:35 | Create | Villager (Male) |
| 0:36 | Create | Villager (Male) |
| 0:36 | Create | Villager (Male) |
| 0:36 | Create | Villager (Male) |
| 2:15 | Create | Villager (Male) |
| 2:15 | Create | Villager (Male) |
| 3:33 | Create | Villager (Male) |
| 3:33 | Create | Villager (Male) |
| 3:33 | Create | Villager (Male) |
| 3:33 | Create | Villager (Male) |
| 4:18 | Create | Villager (Male) |
| 4:19 | Create | Villager (Male) |
| 4:19 | Create | Villager (Male) |
| 4:31 | Build | House |
| 4:41 | Create | Villager (Male) |
| 4:42 | Create | Villager (Male) |
| 5:22 | Build | Lumber Camp |
| 5:36 | Create | Villager (Male) |
| 5:36 | Create | Villager (Male) |
| 5:36 | Create | Villager (Male) |
| 6:24 | Create | Villager (Male) |
| 6:24 | Create | Villager (Male) |
| 6:25 | Create | Villager (Male) |
| 6:25 | Create | Villager (Male) |
| 6:25 | Create | Villager (Male) |
| 8:57 | Build | Mill |
| 9:14 | Research | Feudal Age |
| 9:53 | Build | Mill |
| 10:45 | Create | Villager (Male) |
| 10:45 | Create | Villager (Male) |
| 11:29 | Create | Villager (Male) |
| 11:29 | Create | Villager (Male) |
| 11:57 | Build | Donjon |
| 12:20 | Research | Wheelbarrow |
| 12:39 | Build | Mining Camp |
| 13:17 | Build | House |
| 13:23 | Build | House |
| 13:33 | Research | Horse Collar |
| 13:41 | Research | Double-Bit Axe |
| 14:03 | Build | Blacksmith |
| 14:13 | Build | Market |
| 15:15 | Create | Serjeant |
| 15:15 | Create | Serjeant |
| 15:16 | Create | Serjeant |
| 15:16 | Create | Serjeant |
| 15:31 | Build | Farm |
| 15:41 | Build | Farm |
| 15:43 | Build | Farm |
| 15:45 | Build | Farm |
| 15:51 | Build | Farm |
| 15:59 | Build | Farm |
| 16:00 | Build | Farm |
| 16:00 | Build | Farm |
| 16:26 | Build | Farm |
| 16:34 | Build | Farm |
| 16:47 | Build | Farm |
| 17:10 | Build | Farm |
| 17:18 | Create | Serjeant |
| 17:18 | Create | Serjeant |
| 17:18 | Create | Serjeant |
| 17:18 | Create | Serjeant |
| 17:19 | Create | Serjeant |
| 18:40 | Create | Villager (Male) |
| 18:40 | Create | Villager (Male) |
| 18:40 | Create | Villager (Male) |
| 18:49 | Research | Forging |
| 19:18 | Build | House |
| 19:20 | Build | House |
| 19:40 | Build | House |
| 19:43 | Research | Scale Mail Armor |
| 23:31 | Research | Castle Age |
| 25:39 | Create | Villager (Male) |
| 25:39 | Create | Villager (Male) |
| 25:39 | Create | Villager (Male) |
| 25:40 | Create | Villager (Male) |
| 26:33 | Build | Mining Camp |
| 26:46 | Research | Stone Mining |
| 27:45 | Research | Stone Shaft Mining |
| 27:53 | Create | Serjeant |
| 27:53 | Create | Serjeant |
| 27:53 | Create | Serjeant |
| 27:54 | Create | Serjeant |
| 27:54 | Create | Serjeant |
| 27:54 | Create | Serjeant |
| 27:54 | Create | Serjeant |
| 27:55 | Create | Serjeant |
| 27:55 | Create | Serjeant |
| 27:55 | Create | Serjeant |
| 28:28 | Build | Castle |
| 29:06 | Create | Villager (Male) |
| 30:08 | Build | University |
| 30:29 | Research | Hand Cart |
| 30:31 | Create | Villager (Male) |
| 30:31 | Create | Villager (Male) |
| 30:32 | Create | Villager (Male) |
| 30:32 | Create | Villager (Male) |
| 31:10 | Build | Farm |
| 31:16 | Research | Heavy Plow |
| 31:40 | Research | Chain Mail Armor |
| 32:20 | Build | Farm |
| 33:20 | Build | Lumber Camp |
| 33:56 | Build | Farm |
| 34:17 | Research | Gold Mining |
| 34:29 | Build | Farm |
| 36:08 | Create | Villager (Male) |
| 36:12 | Research | Imperial Age |
| 36:48 | Build | Castle |
| 37:02 | Research | Iron Casting |
| 38:11 | Create | Serjeant |
| 38:11 | Create | Serjeant |
| 38:11 | Create | Serjeant |
| 38:12 | Create | Serjeant |
| 38:12 | Create | Serjeant |
| 40:29 | Build | Siege Workshop |
| 40:36 | Create | Villager (Male) |
| 40:37 | Create | Villager (Male) |
| 40:37 | Create | Villager (Male) |
| 40:37 | Create | Villager (Male) |
| 40:42 | Research | Town Watch |
| 42:29 | Build | Farm |
| 42:41 | Build | Farm |
| 44:13 | Build | Mining Camp |
| 44:30 | Research | Crop Rotation |
| 44:35 | Research | Blast Furnace |
| 44:36 | Research | Plate Mail Armor |
| 45:14 | Research | Elite Serjeant (upgrade) |
| 45:30 | Build | Donjon |
| 45:54 | Create | Serjeant |
| 45:54 | Create | Serjeant |
| 45:55 | Create | Serjeant |
| 45:55 | Create | Serjeant |
| 45:55 | Create | Serjeant |
| 45:56 | Create | Serjeant |
| 46:10 | Research | Gold Shaft Mining |
| 46:15 | Create | Serjeant |
| 46:15 | Create | Serjeant |
| 46:23 | Create | Serjeant |
| 46:24 | Create | Serjeant |
| 46:57 | Create | Serjeant |
| 46:57 | Create | Serjeant |
| 46:57 | Create | Serjeant |
| 46:57 | Create | Serjeant |
| 46:57 | Create | Serjeant |
| 46:58 | Create | Serjeant |
| 46:58 | Create | Serjeant |
Build order — Benja000076638
First 150 of 290 actions detected
| 0:06 | Create | Villager (Male) |
| 0:07 | Create | Villager (Male) |
| 0:07 | Create | Villager (Male) |
| 0:07 | Create | Villager (Male) |
| 0:08 | Create | Villager (Male) |
| 0:29 | Build | House |
| 0:32 | Build | House |
| 1:11 | Build | House |
| 2:39 | Create | Villager (Male) |
| 2:39 | Create | Villager (Male) |
| 3:03 | Create | Villager (Male) |
| 3:03 | Create | Villager (Male) |
| 3:04 | Create | Villager (Male) |
| 3:11 | Build | Lumber Camp |
| 3:22 | Build | Lumber Camp |
| 4:04 | Create | Villager (Male) |
| 4:05 | Create | Villager (Male) |
| 4:05 | Create | Villager (Male) |
| 4:05 | Create | Villager (Male) |
| 5:19 | Build | House |
| 5:29 | Build | House |
| 5:37 | Build | Palisade Wall |
| 5:47 | Create | Villager (Male) |
| 5:47 | Create | Villager (Male) |
| 5:47 | Create | Villager (Male) |
| 5:48 | Create | Villager (Male) |
| 5:48 | Create | Villager (Male) |
| 6:19 | Build | Mill |
| 6:55 | Build | House |
| 6:59 | Create | Villager (Male) |
| 6:59 | Create | Villager (Male) |
| 7:00 | Create | Villager (Male) |
| 7:00 | Create | Villager (Male) |
| 7:00 | Create | Villager (Male) |
| 7:08 | Create | Villager (Male) |
| 7:08 | Create | Villager (Male) |
| 7:17 | Build | Palisade Wall |
| 7:21 | Build | Building 796 |
| 8:04 | Create | Villager (Male) |
| 8:05 | Create | Villager (Male) |
| 8:05 | Create | Villager (Male) |
| 8:05 | Create | Villager (Male) |
| 8:15 | Build | Palisade Wall |
| 9:06 | Build | House |
| 9:12 | Build | Barracks |
| 9:17 | Build | Palisade Wall |
| 9:19 | Build | Palisade Wall |
| 9:47 | Create | Villager (Male) |
| 9:48 | Create | Villager (Male) |
| 9:48 | Create | Villager (Male) |
| 9:48 | Create | Villager (Male) |
| 10:22 | Create | Villager (Male) |
| 10:23 | Create | Villager (Male) |
| 10:23 | Create | Villager (Male) |
| 11:35 | Build | House |
| 11:37 | Build | House |
| 11:41 | Build | Palisade Wall |
| 11:44 | Build | Palisade Wall |
| 12:19 | Build | Mining Camp |
| 12:49 | Build | Farm |
| 12:49 | Build | Farm |
| 12:49 | Build | Farm |
| 12:50 | Build | Farm |
| 12:50 | Build | Farm |
| 12:50 | Build | Farm |
| 12:50 | Build | Farm |
| 13:24 | Create | Villager (Male) |
| 13:25 | Create | Villager (Male) |
| 13:26 | Create | Villager (Male) |
| 13:32 | Research | Feudal Age |
| 13:39 | Build | Farm |
| 14:03 | Create | Militia |
| 14:04 | Create | Militia |
| 14:20 | Build | Mining Camp |
| 17:07 | Create | Spearman |
| 17:17 | Build | Stone Wall |
| 18:16 | Build | Stable |
| 18:27 | Build | Blacksmith |
| 18:39 | Research | Double-Bit Axe |
| 18:52 | Build | Archery Range |
| 19:23 | Build | Stone Wall |
| 19:27 | Build | Stone Wall |
| 19:37 | Create | Spearman |
| 19:38 | Create | Spearman |
| 19:48 | Build | Building 490 |
| 20:01 | Build | Stone Wall |
| 20:05 | Build | Building 490 |
| 20:38 | Research | Castle Age |
| 21:49 | Build | Stone Wall |
| 21:53 | Build | Building 490 |
| 22:06 | Build | Building 490 |
| 22:52 | Research | Wheelbarrow |
| 23:30 | Research | Husbandry |
| 23:35 | Research | Forging |
| 23:36 | Research | Scale Barding Armor |
| 23:45 | Build | Town Center |
| 23:55 | Research | Bow Saw |
| 24:07 | Build | House |
| 24:08 | Build | House |
| 24:24 | Build | Stone Wall |
| 24:28 | Build | Stone Wall |
| 24:40 | Build | Stone Wall |
| 24:47 | Build | Building 487 |
| 25:07 | Build | Town Center |
| 25:26 | Create | Villager (Male) |
| 25:27 | Create | Villager (Male) |
| 25:27 | Create | Villager (Male) |
| 25:27 | Create | Villager (Male) |
| 25:28 | Create | Villager (Male) |
| 25:28 | Create | Villager (Male) |
| 26:01 | Build | Stone Wall |
| 26:18 | Build | Farm |
| 26:18 | Build | Farm |
| 26:18 | Build | Farm |
| 26:19 | Build | Farm |
| 26:19 | Build | Farm |
| 26:19 | Build | Farm |
| 26:19 | Build | Farm |
| 26:20 | Build | Farm |
| 26:29 | Research | Gold Mining |
| 26:35 | Create | Villager (Male) |
| 26:50 | Build | Farm |
| 26:56 | Create | Villager (Male) |
| 26:57 | Create | Villager (Male) |
| 26:57 | Create | Villager (Male) |
| 27:11 | Build | Farm |
| 27:11 | Build | Farm |
| 27:11 | Build | Farm |
| 27:12 | Build | Farm |
| 27:17 | Create | Villager (Male) |
| 27:17 | Create | Villager (Male) |
| 27:17 | Create | Villager (Male) |
| 27:58 | Research | Wheelbarrow |
| 28:00 | Create | Villager (Male) ×2 |
| 28:00 | Create | Villager (Male) ×2 |
| 28:01 | Create | Villager (Male) ×2 |
| 28:32 | Research | Gold Shaft Mining |
| 28:39 | Create | Villager (Male) ×3 |
| 28:39 | Create | Villager (Male) ×3 |
| 28:39 | Create | Villager (Male) ×3 |
| 29:07 | Create | Knight ×3 |
| 29:08 | Create | Knight ×3 |
| 29:25 | Build | Stable |
| 29:39 | Create | Villager (Male) ×5 |
| 29:39 | Create | Villager (Male) ×5 |
| 30:12 | Research | Hand Cart |
| 30:33 | Research | Stone Mining |
| 30:49 | Build | Mining Camp |
| 31:04 | Build | Lumber Camp |
| 31:27 | Create | Knight ×5 |
Build order — Frenzy
First 150 of 266 actions detected
| 0:10 | Build | House |
| 0:11 | Build | House |
| 0:13 | Build | House |
| 0:15 | Build | House |
| 0:21 | Create | Villager (Male) |
| 0:21 | Create | Villager (Male) |
| 0:21 | Create | Villager (Male) |
| 0:22 | Create | Villager (Male) |
| 0:22 | Create | Villager (Male) |
| 1:54 | Create | Villager (Male) |
| 1:55 | Create | Villager (Male) |
| 3:18 | Create | Villager (Male) ×3 |
| 3:18 | Create | Villager (Male) ×3 |
| 3:46 | Create | Villager (Male) |
| 3:46 | Create | Villager (Male) |
| 4:34 | Create | Villager (Male) |
| 4:35 | Create | Villager (Male) |
| 5:00 | Build | Mill |
| 5:44 | Create | Villager (Male) |
| 5:44 | Create | Villager (Male) |
| 5:44 | Create | Villager (Male) |
| 6:57 | Build | Lumber Camp |
| 7:04 | Create | Villager (Male) |
| 7:04 | Create | Villager (Male) |
| 7:07 | Create | Villager (Male) |
| 8:30 | Research | Loom |
| 8:42 | Research | Feudal Age |
| 10:58 | Build | Mining Camp |
| 11:05 | Age | Feudal Age |
| 11:07 | Build | House |
| 11:10 | Build | House |
| 11:12 | Build | House |
| 11:13 | Build | House |
| 11:18 | Research | Wheelbarrow |
| 11:21 | Research | Horse Collar |
| 11:22 | Research | Double-Bit Axe |
| 11:25 | Research | Gold Mining |
| 12:01 | Create | Villager (Male) |
| 12:01 | Create | Villager (Male) |
| 12:01 | Create | Villager (Male) |
| 12:02 | Research | Town Watch |
| 12:42 | Build | Blacksmith |
| 13:06 | Create | Villager (Male) |
| 13:07 | Create | Villager (Male) |
| 13:35 | Build | Market |
| 14:10 | Build | Farm |
| 14:22 | Build | Farm |
| 14:26 | Create | Villager (Male) |
| 14:26 | Create | Villager (Male) |
| 14:35 | Build | Farm |
| 14:50 | Build | Farm |
| 15:05 | Build | Farm |
| 15:23 | Build | Farm |
| 15:40 | Create | Villager (Male) |
| 15:41 | Create | Villager (Male) |
| 16:22 | Build | Barracks |
| 16:40 | Create | Villager (Male) |
| 16:41 | Create | Villager (Male) |
| 16:43 | Create | Villager (Male) |
| 17:28 | Build | Archery Range |
| 17:32 | Build | Archery Range |
| 17:47 | Research | Padded Archer Armor |
| 17:55 | Create | Villager (Male) |
| 18:04 | Build | Farm |
| 18:21 | Create | Villager (Male) |
| 18:23 | Build | Farm |
| 18:32 | Create | Villager (Male) |
| 18:49 | Build | Farm |
| 18:55 | Create | Villager (Male) |
| 19:15 | Build | Farm |
| 19:52 | Research | Scale Barding Armor |
| 19:56 | Build | Blacksmith |
| 20:02 | Build | Farm |
| 20:05 | Create | Villager (Male) |
| 20:07 | Create | Villager (Male) |
| 20:32 | Build | Farm |
| 20:36 | Build | Farm |
| 20:37 | Build | Farm |
| 20:38 | Build | Farm |
| 20:43 | Build | Farm |
| 20:45 | Build | Farm |
| 20:46 | Build | Farm |
| 20:49 | Create | Villager (Male) |
| 20:50 | Create | Villager (Male) |
| 20:50 | Create | Villager (Male) |
| 20:59 | Build | House |
| 21:27 | Create | Villager (Male) |
| 21:27 | Create | Villager (Male) |
| 21:41 | Build | Stable |
| 21:45 | Build | Stable |
| 21:56 | Create | Trade Cart |
| 21:56 | Create | Trade Cart |
| 21:56 | Create | Trade Cart |
| 21:57 | Create | Trade Cart |
| 22:28 | Research | Man-at-Arms (upgrade) |
| 22:32 | Research | Arson |
| 22:35 | Research | Fletching |
| 23:01 | Create | Archer ×5 |
| 23:02 | Create | Archer |
| 23:04 | Create | Archer ×5 |
| 23:05 | Create | Archer |
| 23:10 | Create | Archer ×5 |
| 23:17 | Create | Archer |
| 23:46 | Research | Bloodlines |
| 23:54 | Build | Archery Range |
| 23:58 | Research | Scale Mail Armor |
| 23:59 | Research | Forging |
| 24:12 | Build | House |
| 24:15 | Build | House |
| 24:27 | Build | House |
| 24:30 | Build | House |
| 24:32 | Build | House |
| 24:33 | Build | House |
| 24:37 | Build | House |
| 24:39 | Build | House |
| 24:46 | Build | Palisade Wall |
| 24:53 | Build | Farm |
| 25:06 | Build | Barracks |
| 25:25 | Build | House |
| 25:26 | Build | House |
| 25:33 | Research | Castle Age |
| 26:08 | Build | Mining Camp |
| 26:29 | Build | Farm |
| 27:19 | Build | Palisade Wall |
| 27:21 | Build | Palisade Wall |
| 27:44 | Create | Militia ×5 |
| 27:45 | Create | Militia |
| 27:47 | Create | Militia ×5 |
| 27:48 | Create | Militia |
| 28:13 | Age | Castle Age |
| 29:08 | Research | Hand Cart |
| 29:08 | Research | Town Patrol |
| 29:11 | Research | Bow Saw |
| 29:28 | Research | Crossbowman (upgrade) |
| 29:37 | Research | Leather Archer Armor |
| 29:41 | Create | Villager (Male) |
| 32:52 | Build | Farm |
| 32:57 | Research | Bodkin Arrow |
| 32:59 | Research | Long Swordsman (upgrade) |
| 33:01 | Research | Squires |
| 33:05 | Research | Thumb Ring |
| 33:33 | Build | Castle |
| 33:58 | Research | Chain Barding Armor |
| 34:01 | Research | Stone Mining |
| 34:03 | Research | Gold Shaft Mining |
| 34:09 | Research | Heavy Plow |
| 34:34 | Build | University |
| 34:41 | Create | Villager (Male) |
| 34:42 | Create | Villager (Male) |
| 34:42 | Create | Villager (Male) |
Build order — Ryoga
First 150 of 484 actions detected
| 0:05 | Research | Loom |
| 0:05 | Create | Villager (Male) |
| 0:05 | Create | Villager (Male) |
| 0:05 | Create | Villager (Male) |
| 0:05 | Create | Villager (Male) |
| 0:06 | Create | Villager (Male) |
| 0:10 | Build | House |
| 0:12 | Build | House |
| 0:33 | Build | House |
| 1:47 | Create | Villager (Male) |
| 1:47 | Create | Villager (Male) |
| 2:25 | Create | Villager (Male) |
| 2:58 | Create | Villager (Male) |
| 2:58 | Create | Villager (Male) |
| 3:23 | Create | Villager (Male) |
| 3:24 | Create | Villager (Male) |
| 3:24 | Create | Villager (Male) |
| 3:58 | Build | Mill |
| 4:10 | Create | Villager (Male) |
| 4:10 | Create | Villager (Male) |
| 4:10 | Create | Villager (Male) |
| 5:15 | Create | Villager (Male) |
| 5:54 | Create | Villager (Male) |
| 5:54 | Create | Villager (Male) |
| 6:08 | Create | Villager (Male) |
| 6:08 | Create | Villager (Male) |
| 6:08 | Create | Villager (Male) |
| 6:37 | Build | House |
| 6:46 | Build | House |
| 6:51 | Build | House |
| 6:58 | Create | Villager (Male) |
| 6:58 | Create | Villager (Male) |
| 6:58 | Create | Villager (Male) |
| 7:49 | Build | Lumber Camp |
| 8:03 | Create | Villager (Male) |
| 8:03 | Create | Villager (Male) |
| 8:04 | Create | Villager (Male) |
| 8:04 | Create | Villager (Male) |
| 8:46 | Create | Villager (Male) |
| 8:46 | Create | Villager (Male) |
| 9:59 | Create | Villager (Male) |
| 9:59 | Create | Villager (Male) |
| 10:00 | Create | Villager (Male) |
| 10:00 | Create | Villager (Male) |
| 11:10 | Build | Farm |
| 11:10 | Build | Farm |
| 11:10 | Build | Farm |
| 11:11 | Build | Farm |
| 11:11 | Build | Farm |
| 11:11 | Build | Farm |
| 11:11 | Build | Farm |
| 11:12 | Build | Farm |
| 11:46 | Create | Villager (Male) |
| 11:46 | Create | Villager (Male) |
| 13:01 | Research | Feudal Age |
| 13:34 | Build | Mining Camp |
| 15:23 | Age | Feudal Age |
| 15:28 | Research | Wheelbarrow |
| 15:31 | Research | Horse Collar |
| 15:34 | Research | Double-Bit Axe |
| 15:53 | Build | House |
| 15:55 | Build | House |
| 15:56 | Build | House |
| 15:57 | Build | House |
| 16:18 | Build | Farm |
| 16:18 | Build | Farm |
| 16:18 | Build | Farm |
| 16:19 | Build | Farm |
| 16:23 | Build | Farm |
| 16:23 | Build | Farm |
| 16:28 | Create | Villager (Male) |
| 16:29 | Create | Villager (Male) |
| 16:29 | Create | Villager (Male) |
| 16:45 | Build | Blacksmith |
| 17:01 | Build | Market |
| 17:18 | Build | Barracks |
| 17:25 | Build | Barracks |
| 17:33 | Create | Villager (Male) |
| 17:33 | Create | Villager (Male) |
| 17:46 | Build | Mill |
| 17:48 | Build | Farm |
| 17:48 | Build | Farm |
| 17:49 | Build | Farm |
| 17:49 | Build | Farm |
| 17:53 | Build | Farm |
| 18:07 | Create | Villager (Male) |
| 18:07 | Create | Villager (Male) |
| 18:10 | Build | Farm |
| 18:12 | Build | Farm |
| 18:55 | Build | House |
| 18:56 | Build | House |
| 19:08 | Create | Spearman |
| 19:08 | Create | Spearman |
| 19:09 | Create | Spearman |
| 19:09 | Create | Spearman |
| 20:12 | Build | Mining Camp |
| 20:22 | Research | Castle Age |
| 20:37 | Research | Stone Mining |
| 20:43 | Create | Spearman |
| 20:43 | Create | Spearman |
| 20:43 | Create | Spearman |
| 20:51 | Build | House |
| 20:53 | Build | House |
| 20:54 | Build | House |
| 21:44 | Create | Spearman |
| 21:44 | Create | Spearman |
| 21:44 | Create | Spearman |
| 21:45 | Create | Spearman |
| 22:10 | Research | Town Watch |
| 22:14 | Create | Spearman |
| 22:15 | Create | Spearman |
| 22:15 | Create | Spearman |
| 22:15 | Create | Spearman |
| 22:15 | Create | Spearman |
| 22:37 | Build | Mining Camp |
| 23:02 | Age | Castle Age |
| 23:12 | Build | Town Center |
| 23:22 | Research | Squires |
| 23:22 | Research | Pikeman (upgrade) |
| 23:46 | Build | House |
| 23:46 | Build | House |
| 23:46 | Build | House |
| 23:47 | Build | House |
| 24:00 | Research | Arson |
| 24:26 | Create | Villager (Male) |
| 25:19 | Build | Town Center |
| 25:25 | Create | Villager (Male) |
| 25:25 | Create | Villager (Male) |
| 25:25 | Create | Villager (Male) |
| 25:25 | Create | Villager (Male) |
| 25:41 | Build | Town Center |
| 25:53 | Build | House |
| 25:53 | Build | House |
| 25:54 | Build | House |
| 25:54 | Build | House |
| 25:55 | Build | House |
| 25:56 | Build | House |
| 26:02 | Create | Villager (Male) |
| 26:03 | Create | Villager (Male) |
| 26:03 | Create | Villager (Male) |
| 26:06 | Build | Farm |
| 26:07 | Build | Farm |
| 26:07 | Build | Farm |
| 26:07 | Build | Farm |
| 26:22 | Create | Villager (Male) |
| 26:23 | Create | Villager (Male) |
| 26:23 | Create | Villager (Male) |
| 26:24 | Create | Villager (Male) |
| 26:24 | Create | Villager (Male) |
| 27:01 | Research | Heavy Plow |
Build order — gozth1000
First 150 of 325 actions detected
| 0:05 | Build | House |
| 0:06 | Build | House |
| 0:07 | Build | House |
| 0:10 | Build | House |
| 0:18 | Create | Villager (Male) |
| 0:18 | Create | Villager (Male) |
| 0:18 | Create | Villager (Male) |
| 0:19 | Create | Villager (Male) |
| 0:19 | Create | Villager (Male) |
| 0:20 | Research | Loom |
| 1:59 | Create | Villager (Male) |
| 2:53 | Create | Villager (Male) |
| 3:25 | Create | Villager (Male) |
| 3:26 | Create | Villager (Male) |
| 3:26 | Create | Villager (Male) |
| 4:50 | Create | Villager (Male) |
| 4:50 | Create | Villager (Male) |
| 4:50 | Create | Villager (Male) |
| 4:51 | Create | Villager (Male) |
| 7:05 | Create | Villager (Male) |
| 7:06 | Create | Villager (Male) |
| 7:06 | Create | Villager (Male) |
| 7:20 | Build | Lumber Camp |
| 9:53 | Research | Feudal Age |
| 9:53 | Research | Feudal Age |
| 12:03 | Age | Feudal Age |
| 12:15 | Create | Villager (Male) |
| 12:16 | Create | Villager (Male) |
| 12:16 | Create | Villager (Male) |
| 12:16 | Create | Villager (Male) |
| 12:17 | Create | Villager (Male) |
| 12:45 | Build | Farm |
| 12:50 | Build | Farm |
| 12:59 | Build | Blacksmith |
| 13:22 | Build | Market |
| 13:36 | Build | Farm |
| 13:37 | Build | Farm |
| 13:38 | Build | Farm |
| 13:39 | Build | Farm |
| 13:40 | Build | Farm |
| 13:41 | Build | Farm |
| 13:48 | Build | Farm |
| 14:03 | Build | House |
| 14:05 | Build | House |
| 14:18 | Build | Barracks |
| 14:19 | Build | Barracks |
| 14:33 | Research | Double-Bit Axe |
| 14:40 | Build | Farm |
| 14:41 | Build | Farm |
| 15:14 | Build | Mining Camp |
| 15:23 | Build | Farm |
| 15:48 | Research | Man-at-Arms (upgrade) |
| 15:55 | Create | Villager (Male) |
| 15:55 | Create | Villager (Male) |
| 15:55 | Create | Villager (Male) |
| 15:56 | Create | Villager (Male) |
| 15:56 | Create | Villager (Male) |
| 15:56 | Create | Villager (Male) |
| 15:59 | Create | Villager (Male) |
| 16:00 | Create | Villager (Male) |
| 16:23 | Build | Mining Camp |
| 16:47 | Research | Gold Mining |
| 16:56 | Build | Mill |
| 17:57 | Create | Militia |
| 17:58 | Create | Militia |
| 17:58 | Create | Militia |
| 17:58 | Create | Militia |
| 17:59 | Create | Militia |
| 19:31 | Create | Villager (Male) |
| 19:31 | Create | Villager (Male) |
| 19:32 | Create | Villager (Male) |
| 19:35 | Research | Wheelbarrow |
| 20:03 | Build | House |
| 20:04 | Build | House |
| 20:17 | Create | Militia |
| 20:17 | Create | Militia |
| 20:18 | Create | Militia |
| 20:18 | Create | Militia |
| 20:18 | Create | Militia |
| 20:19 | Create | Militia |
| 20:19 | Create | Militia |
| 20:55 | Build | Barracks |
| 21:08 | Build | House |
| 21:10 | Build | House |
| 21:11 | Build | House |
| 21:56 | Create | Trade Cart |
| 21:56 | Create | Trade Cart |
| 21:56 | Create | Trade Cart |
| 21:56 | Create | Trade Cart |
| 22:57 | Research | Horse Collar |
| 23:00 | Research | Forging |
| 23:00 | Research | Scale Mail Armor |
| 23:31 | Create | Villager (Male) |
| 23:32 | Create | Villager (Male) |
| 23:32 | Create | Villager (Male) |
| 23:32 | Create | Villager (Male) |
| 23:33 | Create | Villager (Male) |
| 24:28 | Build | Mining Camp |
| 25:28 | Create | Militia |
| 25:28 | Create | Militia |
| 25:28 | Create | Militia |
| 25:29 | Create | Militia |
| 25:29 | Create | Militia |
| 25:29 | Create | Militia |
| 25:37 | Research | Stone Mining |
| 26:17 | Create | Trade Cart |
| 26:17 | Create | Trade Cart |
| 26:18 | Create | Trade Cart |
| 26:40 | Build | Lumber Camp |
| 26:43 | Build | House |
| 26:43 | Build | House |
| 27:56 | Research | Castle Age |
| 29:18 | Research | Arson |
| 29:36 | Create | Militia |
| 29:36 | Create | Militia |
| 29:37 | Create | Militia |
| 29:37 | Create | Militia |
| 29:37 | Create | Militia |
| 30:01 | Create | Trade Cart |
| 30:02 | Create | Trade Cart |
| 30:02 | Create | Trade Cart |
| 30:02 | Create | Trade Cart |
| 30:02 | Create | Trade Cart |
| 30:03 | Create | Trade Cart |
| 30:36 | Age | Castle Age |
| 31:16 | Build | Castle |
| 31:45 | Build | Stable |
| 31:46 | Build | Stable |
| 33:43 | Create | Militia |
| 33:51 | Research | Long Swordsman (upgrade) |
| 33:52 | Research | Pikeman (upgrade) |
| 33:53 | Create | Militia |
| 33:53 | Create | Militia |
| 33:53 | Create | Militia |
| 33:54 | Create | Militia |
| 33:54 | Create | Militia |
| 33:54 | Create | Militia |
| 34:16 | Create | Villager (Male) |
| 34:16 | Create | Villager (Male) |
| 34:16 | Create | Villager (Male) |
| 34:17 | Create | Villager (Male) |
| 34:18 | Create | Villager (Male) |
| 34:23 | Research | Bow Saw |
| 34:27 | Research | Hand Cart |
| 34:54 | Build | Town Center |
| 36:03 | Create | Ballista Elephant |
| 36:03 | Create | Ballista Elephant |
| 36:04 | Create | Ballista Elephant |
| 36:04 | Create | Ballista Elephant |
| 36:04 | Create | Ballista Elephant |
Build order — Sylvain MIrouff
First 150 of 688 actions detected
| 0:07 | Create | Villager (Male) |
| 0:07 | Create | Villager (Male) |
| 0:07 | Create | Villager (Male) |
| 0:07 | Create | Villager (Male) |
| 0:08 | Create | Villager (Male) |
| 0:08 | Create | Villager (Male) |
| 0:13 | Build | House |
| 0:15 | Build | House |
| 0:17 | Build | House |
| 0:53 | Build | House |
| 1:37 | Create | Villager (Male) |
| 1:37 | Create | Villager (Male) |
| 2:02 | Build | Mill |
| 2:25 | Create | Villager (Male) |
| 2:25 | Create | Villager (Male) |
| 3:08 | Create | Villager (Male) |
| 3:08 | Create | Villager (Male) |
| 3:28 | Create | Villager (Male) |
| 3:28 | Create | Villager (Male) |
| 3:54 | Create | Villager (Male) |
| 4:24 | Create | Villager (Male) |
| 4:24 | Create | Villager (Male) |
| 5:03 | Create | Villager (Male) |
| 5:03 | Create | Villager (Male) |
| 5:03 | Create | Villager (Male) |
| 5:04 | Create | Villager (Male) |
| 5:04 | Create | Villager (Male) |
| 5:48 | Build | Lumber Camp |
| 7:19 | Research | Feudal Age |
| 7:41 | Create | Villager (Male) |
| 7:41 | Create | Villager (Male) |
| 8:34 | Create | Villager (Male) |
| 8:34 | Create | Villager (Male) |
| 8:41 | Build | Farm |
| 8:45 | Build | Farm |
| 8:49 | Build | Farm |
| 8:55 | Build | Farm |
| 9:23 | Age | Feudal Age |
| 9:29 | Research | Double-Bit Axe |
| 9:33 | Research | Horse Collar |
| 9:50 | Build | Farm |
| 10:00 | Build | House |
| 10:17 | Build | Farm |
| 10:45 | Build | House |
| 10:48 | Build | House |
| 11:11 | Build | Stone Wall |
| 11:23 | Build | Stone Wall |
| 11:28 | Build | Building 487 |
| 11:34 | Create | Villager (Male) |
| 11:35 | Create | Villager (Male) |
| 11:35 | Create | Villager (Male) |
| 11:35 | Create | Villager (Male) |
| 11:39 | Create | Villager (Male) |
| 11:39 | Create | Villager (Male) |
| 11:39 | Create | Villager (Male) |
| 11:40 | Create | Villager (Male) |
| 11:46 | Build | House |
| 11:47 | Build | House |
| 11:58 | Build | Market |
| 12:11 | Create | Villager (Male) |
| 12:11 | Create | Villager (Male) |
| 12:12 | Create | Villager (Male) |
| 12:12 | Create | Villager (Male) |
| 12:13 | Create | Villager (Male) |
| 12:22 | Build | Mining Camp |
| 12:48 | Build | Stone Wall |
| 13:05 | Build | Farm |
| 13:10 | Build | Farm |
| 13:18 | Build | Farm |
| 13:39 | Build | Stone Wall |
| 13:45 | Build | Building 487 |
| 14:06 | Build | Blacksmith |
| 14:39 | Create | Villager (Male) |
| 14:39 | Create | Villager (Male) |
| 14:39 | Create | Villager (Male) |
| 14:45 | Build | Mining Camp |
| 14:49 | Create | Villager (Male) |
| 14:50 | Create | Villager (Male) |
| 15:04 | Build | House |
| 15:05 | Build | House |
| 15:06 | Build | House |
| 15:07 | Build | House |
| 15:28 | Create | Villager (Male) |
| 15:28 | Create | Villager (Male) |
| 15:29 | Create | Villager (Male) |
| 15:54 | Research | Stone Mining |
| 15:54 | Research | Gold Mining |
| 15:57 | Create | Villager (Male) |
| 15:57 | Create | Villager (Male) |
| 15:57 | Create | Villager (Male) |
| 16:22 | Build | Stone Wall |
| 16:49 | Create | Villager (Male) |
| 16:49 | Create | Villager (Male) |
| 16:49 | Create | Villager (Male) |
| 16:50 | Create | Villager (Male) |
| 16:57 | Build | Farm |
| 17:02 | Build | Farm |
| 17:06 | Build | Farm |
| 17:16 | Create | Villager (Male) |
| 17:16 | Create | Villager (Male) |
| 17:16 | Create | Villager (Male) |
| 17:21 | Build | Farm |
| 17:31 | Build | Stone Wall |
| 17:47 | Build | Stone Wall |
| 18:20 | Create | Villager (Male) |
| 18:20 | Create | Villager (Male) |
| 18:21 | Create | Villager (Male) |
| 18:21 | Create | Villager (Male) |
| 18:30 | Build | Farm |
| 18:34 | Create | Villager (Male) |
| 18:34 | Create | Villager (Male) |
| 18:35 | Create | Villager (Male) |
| 18:35 | Create | Villager (Male) |
| 18:44 | Build | Building 490 |
| 19:07 | Build | Stone Wall |
| 19:18 | Create | Villager (Male) |
| 19:19 | Create | Villager (Male) |
| 19:19 | Create | Villager (Male) |
| 19:19 | Create | Villager (Male) |
| 19:22 | Build | Farm |
| 19:33 | Build | Stone Wall |
| 19:39 | Build | Building 487 |
| 19:45 | Build | Building 487 |
| 19:58 | Build | Farm |
| 20:07 | Build | Farm |
| 20:30 | Build | Farm |
| 20:49 | Build | Stone Wall |
| 20:55 | Build | Stone Wall |
| 21:01 | Build | Building 490 |
| 21:06 | Build | Building 487 |
| 21:21 | Build | Stone Wall |
| 21:33 | Build | Building 487 |
| 21:40 | Create | Villager (Male) |
| 21:40 | Create | Villager (Male) |
| 21:40 | Create | Villager (Male) |
| 21:41 | Create | Villager (Male) |
| 21:41 | Create | Villager (Male) |
| 21:41 | Create | Villager (Male) |
| 21:42 | Create | Villager (Male) |
| 21:42 | Create | Villager (Male) |
| 21:42 | Create | Villager (Male) |
| 21:42 | Create | Villager (Male) |
| 21:43 | Create | Villager (Male) |
| 22:11 | Build | House |
| 22:12 | Build | House |
| 22:13 | Build | House |
| 22:14 | Build | House |
| 22:15 | Build | House |
| 22:16 | Build | House |
| 22:25 | Build | Farm |
Build order — EXCELSIOR!
First 150 of 489 actions detected
| 0:10 | Build | House |
| 0:14 | Build | House |
| 0:18 | Build | House |
| 0:19 | Build | House |
| 0:26 | Create | Villager (Male) |
| 0:27 | Create | Villager (Male) |
| 0:27 | Create | Villager (Male) |
| 0:27 | Create | Villager (Male) |
| 0:28 | Create | Villager (Male) |
| 1:20 | Build | Mill |
| 1:50 | Build | Farm |
| 2:56 | Build | Farm |
| 3:10 | Build | House |
| 3:14 | Build | House |
| 3:37 | Create | Villager (Male) |
| 4:37 | Build | Farm |
| 5:19 | Create | Villager (Male) |
| 5:57 | Build | Farm |
| 6:00 | Research | Loom |
| 6:03 | Create | Villager (Male) |
| 6:46 | Build | Lumber Camp |
| 6:49 | Create | Villager (Male) |
| 6:58 | Build | Farm |
| 7:26 | Build | Farm |
| 7:33 | Create | Villager (Male) |
| 7:57 | Create | Villager (Male) |
| 9:03 | Build | House |
| 9:04 | Build | House |
| 9:05 | Build | House |
| 9:06 | Build | House |
| 9:07 | Build | House |
| 10:50 | Create | Villager (Male) |
| 10:51 | Create | Villager (Male) |
| 10:51 | Create | Villager (Male) |
| 11:06 | Build | House |
| 11:07 | Build | House |
| 12:19 | Build | Farm |
| 12:20 | Build | Farm |
| 12:39 | Build | House |
| 12:40 | Build | House |
| 12:42 | Build | House |
| 12:44 | Build | House |
| 12:45 | Build | House |
| 12:46 | Build | House |
| 12:48 | Build | House |
| 12:49 | Build | House |
| 12:50 | Build | House |
| 13:49 | Research | Feudal Age |
| 14:44 | Create | Villager (Male) |
| 14:44 | Create | Villager (Male) |
| 14:44 | Create | Villager (Male) |
| 14:45 | Create | Villager (Male) |
| 15:10 | Create | Villager (Male) |
| 15:30 | Create | Villager (Male) |
| 15:44 | Create | Villager (Male) |
| 15:59 | Age | Feudal Age |
| 16:10 | Build | Market |
| 16:15 | Build | Blacksmith |
| 16:19 | Create | Villager (Male) |
| 16:23 | Create | Villager (Male) |
| 17:14 | Build | House |
| 17:16 | Build | House |
| 17:22 | Research | Double-Bit Axe |
| 18:13 | Research | Horse Collar |
| 18:22 | Research | Wheelbarrow |
| 18:35 | Create | Villager (Male) |
| 18:43 | Create | Villager (Male) |
| 18:58 | Create | Villager (Male) |
| 19:09 | Create | Villager (Male) |
| 19:24 | Create | Villager (Male) |
| 19:37 | Create | Villager (Male) |
| 20:03 | Create | Villager (Male) |
| 20:04 | Create | Villager (Male) |
| 20:52 | Build | Mining Camp |
| 22:00 | Create | Villager (Male) |
| 22:00 | Create | Villager (Male) |
| 22:44 | Build | Mining Camp |
| 23:35 | Build | Farm |
| 23:36 | Build | Farm |
| 23:38 | Build | Farm |
| 23:39 | Build | Farm |
| 23:40 | Build | Farm |
| 23:41 | Build | Farm |
| 23:42 | Build | Farm |
| 23:44 | Build | Farm |
| 23:54 | Build | House |
| 24:06 | Research | Stone Mining |
| 24:28 | Research | Castle Age |
| 24:48 | Create | Villager (Male) |
| 24:48 | Create | Villager (Male) |
| 24:49 | Create | Villager (Male) |
| 24:49 | Create | Villager (Male) |
| 24:49 | Create | Villager (Male) |
| 25:01 | Create | Villager (Male) |
| 25:03 | Create | Villager (Male) |
| 25:17 | Create | Villager (Male) |
| 25:17 | Create | Villager (Male) |
| 25:18 | Create | Villager (Male) |
| 25:30 | Create | Villager (Male) |
| 25:43 | Create | Villager (Male) |
| 25:44 | Create | Villager (Male) |
| 25:56 | Create | Villager (Male) |
| 26:06 | Create | Villager (Male) |
| 26:48 | Research | Gold Mining |
| 27:24 | Age | Castle Age |
| 27:32 | Build | Castle |
| 27:40 | Research | Hand Cart |
| 27:56 | Create | Villager (Male) |
| 27:57 | Research | Hand Cart |
| 28:02 | Build | University |
| 28:20 | Build | Town Center |
| 28:28 | Build | Mining Camp |
| 28:34 | Create | Teutonic Knight |
| 28:49 | Build | House |
| 28:50 | Build | House |
| 28:52 | Build | House |
| 28:54 | Build | House |
| 29:04 | Build | House |
| 29:41 | Create | Teutonic Knight |
| 29:41 | Create | Teutonic Knight |
| 29:42 | Create | Teutonic Knight |
| 29:42 | Create | Teutonic Knight |
| 29:42 | Create | Teutonic Knight |
| 29:48 | Create | Villager (Male) |
| 29:48 | Create | Villager (Male) |
| 29:49 | Create | Villager (Male) |
| 29:49 | Create | Villager (Male) |
| 29:49 | Create | Villager (Male) |
| 30:17 | Create | Villager (Male) |
| 30:18 | Create | Villager (Male) |
| 30:18 | Create | Villager (Male) |
| 30:19 | Create | Villager (Male) |
| 30:32 | Build | House |
| 30:33 | Build | House |
| 30:33 | Build | House |
| 30:35 | Build | House |
| 30:36 | Build | House |
| 30:37 | Build | House |
| 30:40 | Build | Monastery |
| 30:46 | Create | Teutonic Knight |
| 30:46 | Create | Teutonic Knight |
| 30:46 | Create | Teutonic Knight |
| 31:23 | Research | Scale Mail Armor |
| 31:29 | Create | Villager (Male) |
| 31:29 | Create | Villager (Male) |
| 31:29 | Create | Villager (Male) |
| 31:30 | Create | Villager (Male) |
| 32:22 | Create | Villager (Male) |
| 32:23 | Create | Villager (Male) |
| 32:23 | Create | Villager (Male) |
Build order — Blaze
First 150 of 375 actions detected
| 0:07 | Create | Villager (Male) ×4 |
| 0:07 | Create | Villager (Male) ×4 |
| 0:07 | Create | Villager (Male) ×4 |
| 0:07 | Build | House |
| 0:09 | Build | House |
| 0:10 | Build | House |
| 1:35 | Create | Villager (Male) |
| 1:35 | Create | Villager (Male) |
| 2:09 | Create | Villager (Male) |
| 2:10 | Create | Villager (Male) |
| 2:10 | Create | Villager (Male) |
| 2:10 | Create | Villager (Male) |
| 2:20 | Build | Lumber Camp |
| 2:41 | Build | House |
| 2:59 | Create | Villager (Male) |
| 2:59 | Create | Villager (Male) |
| 3:28 | Create | Villager (Male) |
| 3:29 | Create | Villager (Male) |
| 3:39 | Create | Villager (Male) |
| 4:20 | Create | Villager (Male) |
| 4:20 | Create | Villager (Male) |
| 4:20 | Create | Villager (Male) |
| 4:20 | Create | Villager (Male) |
| 4:21 | Create | Villager (Male) |
| 4:41 | Create | Villager (Male) |
| 4:41 | Create | Villager (Male) |
| 4:41 | Create | Villager (Male) |
| 4:48 | Build | Mill |
| 4:54 | Create | Villager (Male) |
| 4:55 | Create | Villager (Male) |
| 4:55 | Create | Villager (Male) |
| 4:55 | Create | Villager (Male) |
| 5:44 | Build | House |
| 5:45 | Build | House |
| 5:48 | Build | House |
| 6:13 | Create | Villager (Male) |
| 6:13 | Create | Villager (Male) |
| 6:13 | Create | Villager (Male) |
| 6:13 | Create | Villager (Male) |
| 6:14 | Create | Villager (Male) |
| 6:14 | Create | Villager (Male) |
| 6:43 | Create | Villager (Male) |
| 7:02 | Build | Lumber Camp |
| 7:10 | Create | Villager (Male) |
| 8:26 | Build | Farm |
| 8:34 | Build | Farm |
| 8:37 | Build | House |
| 8:52 | Build | Farm |
| 8:57 | Build | Farm |
| 9:12 | Research | Feudal Age |
| 9:18 | Build | Mining Camp |
| 10:31 | Build | Farm |
| 10:34 | Build | Farm |
| 11:30 | Age | Feudal Age |
| 11:31 | Build | Market |
| 11:38 | Build | Blacksmith |
| 11:46 | Create | Villager (Male) |
| 11:46 | Create | Villager (Male) |
| 13:00 | Build | Farm |
| 13:02 | Build | Farm |
| 13:29 | Research | Castle Age |
| 14:03 | Create | Villager (Male) |
| 14:03 | Create | Villager (Male) |
| 14:11 | Build | Farm |
| 14:13 | Build | Farm |
| 14:14 | Build | Farm |
| 14:24 | Research | Loom |
| 14:26 | Create | Villager (Male) |
| 14:26 | Create | Villager (Male) |
| 14:38 | Research | Double-Bit Axe |
| 14:46 | Research | Horse Collar |
| 15:21 | Build | Farm |
| 15:35 | Build | Farm |
| 15:37 | Build | Farm |
| 16:09 | Age | Castle Age |
| 16:16 | Build | Town Center |
| 16:24 | Build | Town Center |
| 16:31 | Create | Villager (Male) |
| 16:32 | Create | Villager (Male) |
| 16:35 | Research | Double-Bit Axe |
| 17:11 | Build | Farm |
| 17:32 | Build | Farm |
| 17:46 | Research | Wheelbarrow |
| 18:00 | Build | Farm |
| 18:14 | Create | Villager (Male) |
| 18:14 | Create | Villager (Male) |
| 18:14 | Create | Villager (Male) |
| 18:16 | Create | Villager (Male) |
| 18:16 | Create | Villager (Male) |
| 18:18 | Create | Villager (Male) |
| 18:18 | Create | Villager (Male) |
| 18:19 | Create | Villager (Male) |
| 18:19 | Create | Villager (Male) |
| 18:25 | Build | Farm |
| 18:33 | Build | Farm |
| 19:25 | Create | Villager (Male) |
| 19:25 | Create | Villager (Male) |
| 19:25 | Create | Villager (Male) |
| 19:44 | Create | Villager (Male) |
| 19:44 | Create | Villager (Male) |
| 19:46 | Create | Villager (Male) |
| 19:47 | Create | Villager (Male) |
| 19:48 | Create | Villager (Male) |
| 20:04 | Build | Mining Camp |
| 20:10 | Build | Farm |
| 20:21 | Build | Farm |
| 20:44 | Build | Lumber Camp |
| 20:51 | Build | Lumber Camp |
| 21:00 | Build | Farm |
| 21:02 | Create | Villager (Male) |
| 21:03 | Create | Villager (Male) |
| 21:03 | Create | Villager (Male) |
| 21:04 | Create | Villager (Male) |
| 21:05 | Create | Villager (Male) |
| 21:05 | Create | Villager (Male) |
| 21:12 | Build | Farm |
| 21:49 | Build | Farm |
| 21:54 | Research | Hand Cart |
| 22:01 | Build | Farm |
| 22:11 | Build | Barracks |
| 22:16 | Research | Stone Mining |
| 22:31 | Build | House |
| 22:36 | Build | House |
| 22:37 | Build | House |
| 22:39 | Build | House |
| 22:40 | Build | House |
| 22:42 | Build | House |
| 22:45 | Build | House |
| 22:46 | Build | House |
| 22:49 | Create | Villager (Male) |
| 22:49 | Create | Villager (Male) |
| 22:53 | Create | Villager (Male) |
| 22:53 | Create | Villager (Male) |
| 22:53 | Create | Villager (Male) |
| 22:54 | Research | Town Watch |
| 23:08 | Build | Town Center |
| 23:27 | Build | Farm |
| 24:02 | Build | Archery Range |
| 24:05 | Build | Archery Range |
| 24:06 | Build | Archery Range |
| 24:15 | Build | University |
| 24:23 | Create | Villager (Male) |
| 24:23 | Create | Villager (Male) |
| 24:24 | Create | Villager (Male) |
| 24:24 | Create | Villager (Male) |
| 24:24 | Create | Villager (Male) |
| 24:27 | Create | Villager (Male) |
| 24:27 | Create | Villager (Male) |
| 24:28 | Create | Villager (Male) |
| 24:28 | Create | Villager (Male) |
Match timeline
| 5:37 | Benja000076638 · wall_segment Palisade Wall x3 |
| 7:17 | Benja000076638 · wall_segment Palisade Wall x6 |
| 8:15 | Benja000076638 · wall_segment Palisade Wall x5 |
| 9:12 | Benja000076638 · first_building Barracks |
| 9:17 | Benja000076638 · wall_segment Palisade Wall x4 |
| 9:19 | Benja000076638 · wall_segment Palisade Wall x3 |
| 9:23 | Sylvain MIrouff · age_up feudal |
| 11:05 | Frenzy · age_up feudal |
| 11:11 | Sylvain MIrouff · wall_segment Stone Wall x24 |
| 11:23 | Sylvain MIrouff · wall_segment Stone Wall x13 |
| 11:30 | Blaze · age_up feudal |
| 11:41 | Benja000076638 · wall_segment Palisade Wall x2 |
| 11:44 | Benja000076638 · wall_segment Palisade Wall x2 |
| 11:57 | trauk25 · first_building Donjon |
| 12:03 | gozth1000 · age_up feudal |
| 12:48 | Sylvain MIrouff · wall_segment Stone Wall x25 |
| 13:30 | Sylvain MIrouff · first_market_sell 100 food |
| 13:31 | Sylvain MIrouff · first_market_buy 100 stone |
| 13:39 | Sylvain MIrouff · wall_segment Stone Wall x11 |
| 14:18 | gozth1000 · first_building Barracks |
| 15:23 | Ryoga · age_up feudal |
| 15:59 | EXCELSIOR! · age_up feudal |
| 16:09 | Blaze · age_up castle |
| 16:22 | Sylvain MIrouff · wall_segment Stone Wall x12 |
| 16:22 | Frenzy · first_building Barracks |
| 17:17 | Benja000076638 · wall_segment Stone Wall x7 |
| 17:18 | Ryoga · first_building Barracks |
| 17:28 | Frenzy · first_building Archery Range |
| 17:31 | Sylvain MIrouff · wall_segment Stone Wall x5 |
| 17:47 | Sylvain MIrouff · wall_segment Stone Wall x11 |
| 18:16 | Benja000076638 · first_building Stable |
| 18:52 | Benja000076638 · first_building Archery Range |
| 19:07 | Sylvain MIrouff · wall_segment Stone Wall x21 |
| 19:23 | Benja000076638 · wall_segment Stone Wall x18 |
| 19:27 | Benja000076638 · wall_segment Stone Wall x10 |
| 19:33 | Sylvain MIrouff · wall_segment Stone Wall x35 |
| 20:01 | Benja000076638 · wall_segment Stone Wall x9 |
| 20:49 | Sylvain MIrouff · wall_segment Stone Wall x15 |
| 20:55 | Sylvain MIrouff · wall_segment Stone Wall x14 |
| 21:21 | Sylvain MIrouff · wall_segment Stone Wall x1 |
| 21:41 | Frenzy · first_building Stable |
| 21:49 | Benja000076638 · wall_segment Stone Wall x15 |
| 22:11 | Blaze · first_building Barracks |
| 22:49 | EXCELSIOR! · first_market_sell 100 food |
| 23:02 | Ryoga · age_up castle |
| 23:32 | Sylvain MIrouff · wall_segment Stone Wall x11 |
| 24:02 | Blaze · first_building Archery Range |
| 24:24 | Benja000076638 · wall_segment Stone Wall x7 |
| 24:28 | Benja000076638 · wall_segment Stone Wall x8 |
| 24:40 | Benja000076638 · wall_segment Stone Wall x13 |
| 24:46 | Frenzy · wall_segment Palisade Wall x2 |
| 25:24 | Sylvain MIrouff · age_up castle |
| 26:01 | Benja000076638 · wall_segment Stone Wall x1 |
| 26:59 | trauk25 · first_market_buy 100 stone |
| 27:10 | Sylvain MIrouff · first_building Castle |
| 27:19 | Frenzy · wall_segment Palisade Wall x1 |
| 27:21 | Frenzy · wall_segment Palisade Wall x1 |
| 27:24 | EXCELSIOR! · age_up castle |
| 27:32 | EXCELSIOR! · first_building Castle |
| 27:37 | Blaze · first_building Castle |
| 28:02 | trauk25 · first_market_sell 100 wood |
| 28:13 | Frenzy · age_up castle |
| 28:28 | trauk25 · first_building Castle |
| 30:32 | Ryoga · first_building Castle |
| 30:36 | gozth1000 · age_up castle |
| 30:40 | EXCELSIOR! · first_building Monastery |
| 31:16 | gozth1000 · first_building Castle |
| 31:45 | gozth1000 · first_building Stable |
| 32:02 | Blaze · first_building Siege Workshop |
| 32:20 | Ryoga · wall_segment Stone Wall x20 |
| 33:33 | Frenzy · first_building Castle |
| 34:27 | Frenzy · first_market_buy 100 wood |
| 34:32 | Benja000076638 · wall_segment Stone Wall x2 |
| 34:48 | Blaze · wall_segment Stone Wall x11 |
| 36:23 | Blaze · age_up imperial |
| 37:07 | Blaze · wall_segment Stone Wall x5 |
| 38:20 | EXCELSIOR! · first_market_buy 100 food |
| 38:24 | Blaze · wall_segment Stone Wall x8 |
| 38:29 | Blaze · wall_segment Stone Wall x19 |
| 38:46 | EXCELSIOR! · first_building Siege Workshop |
| 39:56 | Benja000076638 · first_building Castle |
| 40:09 | Ryoga · age_up imperial |
| 40:25 | Ryoga · first_building Monastery |
| 40:29 | trauk25 · first_building Siege Workshop |
| 41:16 | Frenzy · wall_segment Palisade Wall x9 |
| 41:28 | Frenzy · wall_segment Palisade Wall x5 |
| 41:30 | Sylvain MIrouff · age_up imperial |
| 41:33 | EXCELSIOR! · age_up imperial |
| 41:38 | Frenzy · age_up imperial |
| 41:56 | Sylvain MIrouff · first_building Monastery |
| 44:24 | gozth1000 · tribute_sent a jugador 1 |
| 44:24 | gozth1000 · tribute_sent a jugador 2 |
| 44:24 | gozth1000 · tribute_sent a jugador 3 |
| 44:24 | gozth1000 · tribute_sent a jugador 5 |
| 44:24 | gozth1000 · tribute_sent a jugador 6 |
| 44:24 | gozth1000 · tribute_sent a jugador 7 |
| 44:24 | gozth1000 · tribute_sent a jugador 8 |
| 44:50 | gozth1000 · age_up imperial |
| 45:00 | EXCELSIOR! · first_building Barracks |
| 45:05 | Frenzy · first_building Monastery |
| 45:55 | Frenzy · wall_segment Stone Wall x13 |
| 47:17 | Frenzy · first_market_sell 100 food |
| 47:57 | gozth1000 · tribute_sent a jugador 1 |
| 47:57 | gozth1000 · tribute_sent a jugador 2 |
| 47:57 | gozth1000 · tribute_sent a jugador 3 |
| 47:57 | gozth1000 · tribute_sent a jugador 5 |
| 47:57 | gozth1000 · tribute_sent a jugador 6 |
| 47:57 | gozth1000 · tribute_sent a jugador 7 |
| 47:57 | gozth1000 · tribute_sent a jugador 8 |
| 48:54 | Frenzy · wall_segment Palisade Wall x1 |
| 48:55 | Frenzy · wall_segment Palisade Wall x1 |
| 50:57 | EXCELSIOR! · first_building Archery Range |
| 51:50 | Benja000076638 · first_market_sell 500 food |
| 52:36 | Blaze · resign |
| 59:21 | Sylvain MIrouff · wall_segment Stone Wall x6 |
| 65:12 | trauk25 · tribute_sent a jugador 1 |
| 65:12 | trauk25 · tribute_sent a jugador 2 |
| 65:12 | trauk25 · tribute_sent a jugador 3 |
| 65:12 | trauk25 · tribute_sent a jugador 4 |
| 65:12 | trauk25 · tribute_sent a jugador 5 |
| 65:12 | trauk25 · tribute_sent a jugador 7 |
| 65:12 | trauk25 · tribute_sent a jugador 8 |
[ AI ANALYSIS · 1 CREDIT ]
What really happened in this match?
Wolo.gg analyzes every decision: build order, eco, micro, common mistakes by bracket. Personalized analysis on WhatsApp or Discord in 30 seconds.
Civ guide
Sicilians
Perfil
Jugador #24976153